 Dungeon Crawl Stone Soup version 0.29-a0-409-gd843f3a48c (webtiles) character file.

Game seed: 282609684337944601

16 dolemite99 the Skirmisher (level 2, -3/36 HPs)
             Began as a Demonspawn Berserker on May 14, 2022.
             Was a Follower of Trog.
             Slain by a gnoll
             ... wielding a +0 spear
              (9 damage)
             ... on level 2 of the Dungeon.
             The game lasted 00:00:58 (837 turns).

dolemite99 the Skirmisher (Demonspawn Berserker)     Turns: 837, Time: 00:00:59

Health: -3/36      AC:  2    Str: 17    XL:     2   Next: 41%
Magic:  2/2        EV: 12    Int:  8    God:    Trog [*.....]
Gold:   41         SH:  0    Dex: 12    Spells: 1/1 levels left

rFire   . . .      SeeInvis .   a - +0 spear
rCold   . . .      Faith    .   (no shield)
rNeg    . . .      Spirit   .   b - +0 animal skin
rPois   .          Reflect  .   (no helmet)
rElec   .          Harm     .   (no cloak)
rCorr   .          Rampage  .   (no gloves)
Will    .....                   (no boots)
Stlth   ..........              (no amulet)
HPRegen 0.12/turn               (no ring)
MPRegen 0.08/turn               (no ring)

@: berserking, very quick
A: foul stench 1
a: Renounce Religion, Berserk


You were on level 2 of the Dungeon.
You worshipped Trog.
Trog was aware of your devotion.
You visited 1 branch of the dungeon, and saw 2 of its levels.

You collected 41 gold pieces.

Inventory:

Hand Weapons
 a - a +0 spear (weapon)
Missiles
 d - 6 datura-tipped darts (quivered)
Armour
 b - a +0 animal skin (worn)
Jewellery
 c - a +6 ring of intelligence


   Skills:
 + Level 3.2 Fighting
 + Level 2.9 Polearms
 + Level 2.0 Armour
 + Level 2.0 Dodging


You had one spell level left.
You didn't know any spells.
Your spell library was empty.

Dungeon Overview and Level Annotations

Branches:
Dungeon (2/15)

Altars:


Innate Abilities, Weirdness & Mutations

You may rarely emit foul miasma when damaged in melee.


Message History

The jackal attacks as you move away! The jackal closely misses you.
The jackal is engulfed in dark miasma.
The jackal is poisoned.
The jackal misses you.
A gnoll comes into view. It is wielding a +0 flail.
The jackal barely misses you. The jackal bites you.
The jackal attacks as you move away! The jackal barely misses you.
The jackal barely misses you.
You see here a jackal corpse.
The jackal attacks as you move away! The jackal closely misses you.
You see here a worm corpse.
The jackal attacks as you move away! The jackal barely misses you.
The jackal misses you. The jackal attacks as you move away!
The jackal barely misses you. x2
You hit the jackal.
The jackal is moderately wounded.
The jackal closely misses you.
You hit the jackal.
You kill the jackal!
Trog accepts your kill. The jackal bites you. The jackal closely misses you.
A red film seems to cover your vision as you go berserk!
You feel yourself moving faster!
You feel mighty!
The gnoll hits you from afar with a +0 spear.
The jackal bites you.
You barely miss the jackal. The jackal bites you.
The gnoll hits you from afar with a +0 spear!
You barely miss the jackal. The jackal barely misses you.
The gnoll hits you from afar with a +0 spear.
* * * LOW HITPOINT WARNING * * *
You puncture the jackal!
You kill the jackal!
Trog accepts your kill. The gnoll barely misses you.
You puncture the gnoll!
The gnoll is severely wounded.
You closely miss the gnoll.
The gnoll is severely wounded.
The gnoll hits you with a +0 spear!
You die...

#.....$..# #.# #....g...#
#÷# #........#
######.######## .........#
#..............
.....[...####.....#########
............#.....#
.....######†#.....#
#############†##.##.#
..............##@##+#
##########.....#g#
#.......g# #......###
#......# #......# #......#
#......# #......#


You could see 2 gnolls.

Vanquished Creatures
  A worm (D:2)
  An endoplasm (D:2)
  3 hobgoblins
  3 jackals (D:2)
  A kobold (D:1)
  A bat (D:2)
  A frilled lizard (D:2)
  A rat (D:2)
12 creatures vanquished.

Notes
Turn   | Place    | Note
-------+----------+-------------------------------------------
     0 | D:1      | dolemite99 the Demonspawn Berserker began the quest for the
                  | Orb.
     0 | D:1      | Reached XP level 1. HP: 18/18 MP: 1/1
   616 | D:2      | Gained mutation: You may rarely emit foul miasma when
                  | damaged in melee. [demonic ancestry]
   616 | D:2      | Reached XP level 2. HP: 14/24 MP: 2/2
   837 | D:2      | Slain by a gnoll

Illustrated notes

Levels and vault maps discovered:
D:1:      dpeg_arrival_morbid_curiosity, layout_basic, st_stairs_2
D:2:      layout_basic, serial_shops, shop, basic_altar

Skill      XL: |  1 |
---------------+----+-----
Armour         | 2 |  2.0
Dodging        | 2 |  2.0
Fighting       | |  3.2
Polearms       | |  2.9

Action                   || total
-------------------------++-------
Melee: Spear             ||    37
Invok: Berserk           ||     5
Dodge: Dodged            ||    26

Table legend: (Time is in decaauts)
 A = Elapsed time spent in this place.
 B = Non-inter-level travel time spent in this place.
 C = Inter-level travel time spent in this place.
 D = Time resting spent in this place.
 E = Time spent auto-exploring this place.
 F = Levels seen in this place.
 G = Mean time per level.
                   A        B        C        D        E       F      G
               +--------+--------+--------+--------+--------+-----+--------+
         Total |    869 |    858 |     11 |    358 |    333 |   2 |  434.5 |
       Dungeon |    869 |    858 |     11 |    358 |    333 |   2 |  434.5 |
               +--------+--------+--------+--------+--------+-----+--------+

Top non-repeatable levels by time:
     D:2: 443 daAuts
     D:1: 425 daAuts
